AoeStats
← chenya_ko

Arabia

507959945Analyzed
1v1 RM · 13d ago on Sep 20, 2026· 18m 13s· 2 players
Game mode
Random Map
Map size
Tiny (2 player)
Population
200
Speed
Normal
Resources
Standard
Victory
Conquest
Starting age
Dark Age
Ending age
Imperial Age
RankedLock teamsTeams togetherTeam positionsShared explorationLock speedFull tech treeHidden civsTurbo modeCheats
Victory
Defeat
🇹🇼 Japanese · Taiwan
1009
+16
🇹🇼 Mongols · Taiwan
1000
-48
cocotea121
6:33 Loom
9:36 Feudal Age
15:46 Double-Bit Axe
17:02 Horse Collar
18:59 Wheelbarrow
chenya_ko
1:55 Loom
9:42 Feudal Age
9:51 Man-at-Arms
13:16 Fletching
14:09 Padded Archer Armor
17:47 Wheelbarrow
17:07 Double-Bit Axe
Connection lost

Rejoining the realm…

Still unreachable

The connection could not be restored.

Session expired

The server has moved on; the page needs a fresh start.